 Dungeon Sprint DCSS version 0.30-a0-1114-gd936c97349 (webtiles) character file.

Game seed: 4273539322435300214

4 PLAYERX the Poker (level 1, -4/18 HPs)
             Began as a Minotaur Gladiator on Apr 20, 2023.
             Slain by an ogre
             ... wielding a +0 giant club
              (22 damage)
             ... in the Dungeon (Sprint IX: "|||||||||||||||||||||||||||||").
             The game lasted 00:00:46 (95 turns).

PLAYERX the Poker (Minotaur Gladiator)                Turns: 95, Time: 00:00:46

Health: -4/18      AC:  3    Str: 18    XL:     1   Next: 58%
Magic:  0/0        EV: 12    Int:  5    God:
Gold:   0          SH:  0    Dex: 11    Spells: 0/0 levels left

rFire   . . .      SeeInvis .    a - +0 trident
rCold   . . .      Faith    .    (no shield)
rNeg    . . .      Spirit   .    b - +0 leather armour
rPois   .          Reflect  .    c - +0 hat
rElec   .          Rampage  .    (no cloak)
rCorr   .          NoTele   +    (no gloves)
Will    .....                    (no boots)
Stlth   +                        (no amulet)
HPRegen 0.23/turn                (no ring)
MPRegen 0.07/turn                (no ring)

@: no status effects
A: horns 2, retaliatory headbutt
a: no special abilities


You were in the Dungeon.
You visited 1 branch

Inventory:

Hand Weapons
 a - a +0 trident (weapon)
Missiles
 d - 3 throwing nets (quivered)
 e - a javelin
Armour
 b - a +0 leather armour (worn)
 c - a +0 hat (worn)
Scrolls
 k - a scroll of blinking
Potions
 f - a potion of curing
 g - a potion of heal wounds
 h - a potion of haste
 i - 2 potions of magic
 j - a potion of berserk rage


   Skills:
 + Level 2.7 Fighting
 + Level 4.4 Polearms
 + Level 2.2 Throwing
 + Level 0.1 Armour
 + Level 4.0 Dodging


You couldn't memorise any spells.
You didn't know any spells.
Your spell library was empty.

Dungeon Overview and Level Annotations

Branches:
Dungeon (1/1)

Altars:


Innate Abilities, Weirdness & Mutations

You have a pair of horns on your head.
You reflexively headbutt those who attack you in melee.


Message History

You hit the kobold.
The kobold is moderately wounded.
The kobold hits you with a +0 club.
You hit the kobold.
You kill the kobold!
You hit the giant cockroach.
The giant cockroach is heavily wounded.
The giant cockroach barely misses you. The giant cockroach closely misses you.
You furiously retaliate!
You headbutt the giant cockroach!
You kill the giant cockroach!
You barely miss the kobold. The kobold hits you with a +0 whip.
* * * LOW HITPOINT WARNING * * *
You closely miss the kobold. The kobold hits you with a +0 whip.
* * * LOW HITPOINT WARNING * * *
You puncture the kobold!
You kill the kobold!
Your Dodging skill increases to level 4!
You hit the rat.
You kill the rat!
You start resting.
HP restored.
Items here: ( )) †.
You open the door.
A scorpion, a shadow imp, a phantom, an orc and an ogre come into view.
The shadow imp shouts, "Turn tail, thou paunchy hedge-born cattle!"
The orc shouts!
The ogre shouts!
You puncture the ogre!
The ogre is moderately wounded.
The ogre barely misses you. You furiously retaliate!
You headbutt the ogre! You barely miss the ogre.
You headbutt the ogre, but do no damage.
The ogre is heavily wounded.
The ogre misses you.
You hit the ogre but do no damage. Your headbutt misses the ogre.
The ogre is heavily wounded.
You hit the ogre.
The ogre is severely wounded.
The ogre hits you with a +0 giant club!!
Ouch! That really hurt!
You die... ▓▓▓▓▓▓▓▓▓▓▓▓▓▓▓▓▓▓ +.s5WoO@...))...<▓ ▓▓▓▓▓▓▓▓▓▓▓▓▓▓▓▓▓▓

You could see an ogre, a phantom, a scorpion, a shadow imp and an orc.

Vanquished Creatures
  A giant cockroach (D)
  A goblin (D)
  2 kobolds (D)
  A rat (D)
5 creatures vanquished.

Notes
Turn   | Place    | Note
-------+----------+-------------------------------------------
     0 | D        | PLAYERX the Minotaur Gladiator began the quest for the Orb.
     0 | D        | Reached XP level 1. HP: 18/18 MP: 0/0
    91 | D        | Noticed a scorpion
    91 | D        | Noticed a phantom
    91 | D        | Noticed an ogre
    95 | D        | Slain by an ogre

Illustrated notes

Levels and vault maps discovered:
D:        linesprint [early_d, line_temple, items_1, d_10, items_2, lair_1,
          lair_end, items_3, orc_1, orc_end, items_4, d_15, swamp_1, shoals_1,
          snake_1, spider_1, d_20, vaults_1, items_5, swamp_end, shoals_end,
          snake_end, spider_end, vaults_end, d_27, items_6, zot_1, zot_end,
          crypt_end, forest_end, elf_end, slime_end, tomb_end, abyss_end,
          pan_hell_end]

Skill      XL: |  1 |
---------------+----+-----
Polearms       | 4 |  4.4
Dodging        | 4 |  4.0
Fighting       | |  2.7
Throwing       | |  2.2
Armour         | |  0.1

Action                     || total
---------------------------++-------
  Melee: Trident           ||    18
         Headbutt          ||     1
  Dodge: Dodged            ||     5

Table legend: (Time is in decaauts)
 A = Elapsed time spent in this place.
 B = Non-inter-level travel time spent in this place.
 C = Inter-level travel time spent in this place.
 D = Time resting spent in this place.
 E = Time spent auto-exploring this place.
 F = Levels seen in this place.
 G = Mean time per level.
                   A        B        C        D        E       F      G
               +--------+--------+--------+--------+--------+-----+--------+
         Total |     96 |     96 |      0 |     67 |      0 |   1 |   96.0 |
       Dungeon |     96 |     96 |      0 |     67 |      0 |   1 |   96.0 |
               +--------+--------+--------+--------+--------+-----+--------+

Top non-repeatable levels by time:
       D: 96 daAuts
